 Dungeon Crawl Stone Soup version 0.23-a0-368-g82e90586b2 (webtiles) character file.

46 Napalmbreeze the Conjurer (level 3, -8/18 HPs)
             Began as a Vine Stalker Conjurer on Oct 24, 2018.
             Mangled by Terence
             ... wielding a +0 hand axe
              (9 damage)
             ... on level 1 of the Dungeon.
             The game lasted 00:05:46 (1423 turns).

Napalmbreeze the Conjurer (Vine Stalker Conjurer)   Turns: 1423, Time: 00:05:47

Health: -8/18      AC:  2    Str: 10    XL:     3   Next: 68%
Magic:  0/8        EV: 12    Int: 16    God:
Gold:   35         SH:  0    Dex: 14    Spells: 4/7 levels left

rFire    . . .     SeeInvis .   (no weapon)
rCold    . . .     Gourm    .   (no shield)
rNeg     . . .     Faith    .   a - +0 robe
rPois    .         Spirit   +   (no helmet)
rElec    .         Reflect  .   (no cloak)
rCorr    .         Harm     .   (no gloves)
MR       .....                  (no boots)
Stlth    ++........             (no amulet)
HPRegen  0.06/turn              (no ring)
MPRegen  0.11/turn              (no ring)

@: no status effects
A: fangs 2, magic shield, antimagic bite, no potion heal 3, rot immunity
a: no special abilities


You were on level 1 of the Dungeon.
You were very hungry.

You visited 1 branch of the dungeon, and saw 2 of its levels.

You collected 35 gold pieces.

Inventory:

Hand Weapons
 g - a +0 dagger
Armour
 a - a +0 robe (worn)
Scrolls
 b - a scroll of enchant armour {unknown}
 k - a scroll of blinking {unknown}
 l - 2 scrolls of identify {unknown}
Potions
 d - a potion of berserk rage {unknown}
 e - 3 potions of curing {unknown}
 f - 2 potions of magic {unknown}
 h - a potion of degeneration {unknown}
 i - a potion of flight {unknown}
Comestibles
 c - 2 rations
 j - 4 chunks of flesh


   Skills:
 + Level 1.0 Fighting
 - Level 1.5 Dodging
 - Level 2.4 Stealth
 + Level 2.8 Spellcasting
 * Level 4.6 Conjurations


You had 4 spell levels left.
You knew the following spells:

 Your Spells              Type           Power        Failure   Level  Hunger
a - Magic Dart            Conj           ###.         2%          1    #......
s - Searing Ray           Conj           ###...       4%          2    ##.....

Your spell library contained the following spells:

 Spells                   Type           Power        Failure   Level  Hunger
 Dazzling Spray           Conj/Hex       #.....       22%         3    ###....
 Iskenderun's Mystic Bla  Conj           ###.....     28%         4    #####..
 Force Lance              Conj/Tloc      #.......     58%         4    #####..
 Fulminant Prism          Conj/Hex       #.........   58%         4    #####..


Dungeon Overview and Level Annotations

Branches:
Dungeon (2/15)

Altars:

Annotations:
D:1 Terence


Innate Abilities, Weirdness & Mutations

You have extremely sharp teeth.
When hurt, damage is shared between your health and your magic reserves.
Your bite disrupts and absorbs the magic of your enemies.
Potions cannot restore your health.
You are immune to rotting.


Message History

Terence shouts, "DIE!!!"
Casting: Searing Ray (safe; 4% risk of failure)
Confirm with . or Enter, or press ? or * to list all spells.
Aiming: Searing Ray (safe; 4% risk of failure)
Press: ? - help, Shift-Dir - straight line, f/p - Terence
Aim: Terence, wielding a +0 hand axe and wearing a +0 scale mail (severely The searing ray hits Terence.
Terence is severely wounded. (Press . to maintain the ray.)
You are feeling very hungry.
The searing ray hits Terence.
Terence is severely wounded.
Terence hits you but does no damage.
The searing ray misses Terence.
Terence hits you with a +0 hand axe.
* * * LOW HITPOINT WARNING * * *
The searing ray hits Terence.
Terence is severely wounded.
You finish channeling your searing ray.
Terence hits you with a +0 hand axe!
Ouch! That really hurt!
You die...

#...#...####...###...#.....#
.#...#........## ##..#.....#
.[............## ##..#.....#
..#.#.#...8....###...#.#####
..#....#.............#.#
.....(...............#.#
######################.#
########...............#
...............@@.....##
.###..................# .#
#.....######.##..###
.###.....#.....(...##
.#.......#.......###
.....)...........#
...#.....#.......#
..##.....#.......#
.........#.......#


You could see Terence.

Vanquished Creatures
  An adder (D:2)
  4 dart slugs (D:1)
  A giant cockroach (D:1)
  5 goblins (D:1)
  5 hobgoblins (D:1)
  5 bats (D:1)
  A frilled lizard (D:1)
  2 kobolds
  6 rats (D:1)
30 creatures vanquished.

Notes
Turn   | Place    | Note
-------+----------+-------------------------------------------
     0 | D:1      | Napalmbreeze the Vine Stalker Conjurer began the quest for
                  | the Orb.
     0 | D:1      | Reached XP level 1. HP: 9/9 MP: 4/4
   260 | D:1      | Reached XP level 2. HP: 11/13 MP: 6/6
  1067 | D:1      | Reached XP level 3. HP: 12/17 MP: 4/8
  1079 | D:1      | Learned a level 2 spell: Searing Ray
  1309 | D:2      | Noticed Terence
  1312 | D:2      | Reached skill level 1 in Fighting
  1423 | D:1      | Mangled by Terence

Vault maps used:
D:1:      erik_arrival_cave_to_civilisation, minmay_pentomino_z4
D:2:      nicolae_overflow_quartered_altars, st_stairs_13, minivault_19,
          uniq_terence, uniq_robin, uniq_sigmund

Skill      XL: |  1  2  3 |
---------------+----------+-----
Fighting       | 1 |  1.0
Dodging        | |  1.5
Stealth        | |  2.4
Spellcasting   | |  2.8
Conjurations   | |  4.6

Action                   || total
-------------------------++-------
Melee: Unarmed           ||    78
       Bite              ||    22
       Dagger            ||    12
 Cast: Magic Dart        ||    29
       Searing Ray       ||     2
 Stab: Sleeping          ||     2
  Eat: Chunk             ||     1
Armor: Robe              ||    20
Dodge: Dodged            ||    62

Table legend:
 A = Non-vault XP
 B = Vault XP
 C = Vault XP percentage of total XP
 D = Non-vault monster count
 E = Vault monster count
 F = Vault count percentage of total count
                 A         B        C        D         E       F
            +---------+---------+-------+---------+---------+-------
      Total |      43 |      24 |  35.8 |      24 |       6 |  20.0
            +---------+---------+-------+---------+---------+-------
        D:1 |      42 |      10 |  19.2 |      23 |       5 |  17.9
        D:2 |       1 |      14 |  93.3 |       1 |       1 |  50.0
            +---------+---------+-------+---------+---------+-------
